 Dungeon Crawl Stone Soup version 0.28.0 (webtiles) character file.

Game seed: 2481916988214162476

42 zazu2006 the Magician (level 3, 0/28 HPs)
             Began as a Naga Hedge Wizard on Feb 8, 2022.
             Slain by a goblin (2 damage)
             ... on level 2 of the Dungeon.
             The game lasted 00:03:30 (1706 turns).

zazu2006 the Magician (Naga Hedge Wizard)           Turns: 1706, Time: 00:03:30

Health: 0/28       AC:  2    Str: 12    XL:     3   Next: 54%
Magic:  8/8        EV: 10    Int: 16    God:
Gold:   43         SH:  0    Dex: 10    Spells: 8/9 levels left

rFire   . . .      SeeInvis +   i - +1 dagger (venom)
rCold   . . .      Faith    .   (no shield)
rNeg    . . .      Spirit   .   b - +0 robe
rPois   +          Reflect  .   c - +0 hat
rElec   .          Harm     .   (no cloak)
rCorr   .          Rampage  .   (no gloves)
Will    .....                   (no barding)
Stlth   ++........              (no amulet)
HPRegen 0.09/turn               (no ring)
MPRegen 0.11/turn               (no ring)

@: very slow
A: AC +1, large, see invisible, deformed body, poison resistance, slowness 2,
spit poison 1, naga tail 1
a: Spit Poison


You were on level 2 of the Dungeon.
You visited 1 branch of the dungeon, and saw 2 of its levels.

You collected 43 gold pieces.

Inventory:

Hand Weapons
 a - a +2 short sword of speed
 i - a +1 dagger of venom (weapon)
Armour
 b - a +0 robe (worn)
 c - a +0 hat (worn)
Scrolls
 d - 3 scrolls of identify {unknown}
Potions
 e - a potion of curing {unknown}
 f - a potion of haste {unknown}
 g - a potion of resistance {unknown}
 h - a potion of degeneration {unknown}


   Skills:
 + Level 0.2 Fighting
 - Level 0.1 Short Blades
 + Level 2.1 Dodging
 + Level 3.2 Stealth
 + Level 3.6 Spellcasting
 + Level 1.3 Conjurations
 + Level 1.0 Summonings
 + Level 1.0 Translocations


You had 8 spell levels left.
You knew the following spells:

 Your Spells              Type           Power      Damage    Failure   Level
a - Magic Dart            Conj           28%        1d4       10%         1

Your spell library contained the following spells:

 Spells                   Type           Power      Damage    Failure   Level
 Blink                    Tloc           12%        N/A       17%         2
 Call Imp                 Summ           6%         N/A       17%         2
 Freeze                   Ice            8%         1d3       19%         1
 Slow                     Hex            8%         N/A       19%         1
 Conjure Flame            Conj/Fire      5%         6-21      36%         3
 Mephitic Cloud           Conj/Pois/Air  4%         N/A       41%         3
 Frozen Ramparts          Ice            4%         1d2       47%         3
 Hailstorm                Conj/Ice       5%         3d4       78%         4


Dungeon Overview and Level Annotations

Branches:
Dungeon (2/15)

Altars:


Innate Abilities, Weirdness & Mutations

Your serpentine skin is tough. (AC +1)
You have supernaturally acute eyesight. (SInv)
Armour fits poorly on your strangely shaped body.
Your system is resistant to poisons. (rPois)
You cover ground very slowly.
You can spit poison.
You have a snake-like lower body.


Message History

You closely miss the orc. The orc hits you with a +0 flail.
You hit the orc.
The orc is poisoned.
The orc is heavily wounded.
The orc hits you with a +0 flail!
You closely miss the orc.
The orc is heavily wounded.
You kill the orc!
You closely miss the hobgoblin. The hobgoblin hits you.
You hit the hobgoblin but do no damage.
The hobgoblin is poisoned.
The hobgoblin hits you.
* * * LOW HITPOINT WARNING * * *
Aiming: Spit Poison (2% risk of failure)
Press: ? - help, Shift-Dir - straight line, f - hobgoblin
Aim: a hobgoblin, wearing a +0 robe (moderately wounded, very poisoned, 59% to hit)
The splash of poison hits the hobgoblin.
The hobgoblin looks even sicker.
The hobgoblin is almost dead.
The hobgoblin hits you.
* * * LOW HITPOINT WARNING * * *
You kill the hobgoblin!
Things that are here:
a +0 club; a goblin corpse You have got your breath back.
The goblin barely misses you.
Aiming: Spit Poison (2% risk of failure)
Press: ? - help, Shift-Dir - straight line, f - orc
Aim: an orc, wielding a +0 flail (59% to hit)
The splash of poison hits the orc!
The orc is poisoned.
You kill the orc!
Unknown command.
Unknown command.
You closely miss the goblin. The goblin hits you but does no damage.
You hit the goblin.
The goblin is moderately wounded.
The goblin hits you with a +0 club.
* * * LOW HITPOINT WARNING * * *
You closely miss the goblin.
You have got your breath back.
The goblin hits you with a +0 club.
You die...

#o. ##[# # #.#
#(# #o## ..
##.##
##.###)######.
#.............
#.###g##......
#.###@##.#####
#........#
####.##### #.#
#.# ######.##
#.......#
#.####..#
#.####..#


You could see a goblin.

Vanquished Creatures
  A dart slug (D:1)
  2 orcs (D:2)
  3 bats
  4 endoplasms (D:1)
  3 goblins
  4 hobgoblins
  4 jackals (D:1)
  2 kobolds (D:1)
  2 quokkas (D:1)
  2 ball pythons (D:1)
  2 frilled lizards (D:1)
  3 rats (D:1)
32 creatures vanquished.

Notes
Turn   | Place    | Note
-------+----------+-------------------------------------------
     0 | D:1      | zazu2006 the Naga Hedge Wizard began the quest for the Orb.
     0 | D:1      | Reached XP level 1. HP: 15/15 MP: 4/4
   201 | D:1      | Found a faded altar of an unknown god.
   212 | D:1      | Reached XP level 2. HP: 15/22 MP: 0/6
   797 | D:1      | Reached XP level 3. HP: 8/28 MP: 2/8
  1706 | D:2      | Slain by a goblin

Illustrated notes

Levels and vault maps discovered:
D:1:      saegor_arrival_simple_a, layout_rooms,
          hellmonk_ecumenical_altar_dog_temple
D:2:      wander_river, layout_basic, guppyfry_early_orc_mine

Skill      XL: |  1  2 |
---------------+-------+-----
Dodging        | 2 |  2.1
Fighting       | |  0.2
Short Blades   | |  0.1
Stealth        | |  3.2
Spellcasting   | |  3.6
Conjurations   | |  1.3
Summonings     | |  1.0
Translocations | |  1.0

Action                   || total
-------------------------++-------
Melee: Dagger            ||    31
 Cast: Magic Dart        ||    59
 Abil: Spit Poison       ||    11
Armor: Robe              ||    10
Dodge: Dodged            ||    20
